 Dungeon Crawl Stone Soup version 0.21-a0-91-ga5031da (webtiles) character file.

33 nikopol the Firebug (level 3, -3/19 HPs)
             Began as a Deep Elf Fire Elementalist on June 30, 2017.
             Slain by a kobold
             ... wielding a +0 dagger
              (4 damage)
             ... on level 2 of the Dungeon.
             The game lasted 00:03:22 (856 turns).

nikopol the Firebug (Deep Elf Fire Elementalist)     Turns: 856, Time: 00:03:23

Health: -3/19      AC:  2    Str:  5    XL:     3   Next: 12%
Magic:  9/9        EV:  7    Int: 20    God:
Gold:   31         SH:  0    Dex: 15    Spells: 7/8 levels left

rFire    . . .     SeeInvis .   f - +0 short sword
rCold    . . .     Gourm    .   (no shield)
rNeg     . . .     Faith    .   a - +0 robe
rPois    .         Spirit   .   (no helmet)
rElec    .         Reflect  .   (no cloak)
rCorr    .         Harm     .   (no gloves)
MR       .....                  (no boots)
Stlth    ++........             (no amulet)
HPRegen  0.06/turn              (no ring)
MPRegen  0.11/turn              (no ring)

@: held
A: no striking features
a: no special abilities


You were on level 2 of the Dungeon.
You were not hungry.

You visited 1 branch of the dungeon, and saw 2 of its levels.

You collected 31 gold pieces.

Inventory:

Hand Weapons
 f - a +0 short sword (weapon)
Armour
 a - a +0 robe (worn)
Scrolls
 d - 3 scrolls of identify {unknown}
 e - a scroll of remove curse {unknown}
 h - 2 scrolls of magic mapping {unknown}
 j - a scroll of enchant weapon {unknown}
Potions
 g - a potion of brilliance {unknown}
 k - a potion of resistance {unknown}
Books
 b - a book of Flames

   Spells                             Type                      Level
   a - Flame Tongue                   Conjuration/Fire             1
   b - Throw Flame                    Conjuration/Fire             2
   c - Conjure Flame                  Conjuration/Fire             3
   d - Inner Flame                    Hexes/Fire                   3
   e - Sticky Flame                   Conjuration/Fire             4
   f - Fireball                       Conjuration/Fire             5
Comestibles
 c - a bread ration
 l - a meat ration


   Skills:
 + Level 0.1 Fighting
 + Level 2.7 Dodging
 + Level 2.8 Stealth
 + Level 3.4 Spellcasting
 + Level 1.3 Conjurations
 + Level 4.0 Fire Magic


You had 7 spell levels left.
You knew the following spells:

 Your Spells              Type           Power        Failure   Level  Hunger
a - Flame Tongue          Conj/Fire      ##...        4%          1    None


Dungeon Overview and Level Annotations

Branches:
Dungeon (2/15)

Altars:


Message History

A goblin and a gnoll come into view.
The kobold throws a stone.
The stone barely misses you.
Found a large shield.
The kobold throws a stone.
The stone hits you but does no damage.
The gnoll shouts!
You see here a scroll labeled WAUPHISUFU.
The gnoll throws a throwing net.
The throwing net hits you.
You become entangled in the net!
A gnoll comes into view. It is wielding a halberd.
You see here a throwing net.
You tear a large gash into the net.
The gnoll shouts! x2; The goblin shouts!
The gnoll hits you.
You struggle against the net.
The gnoll hits you.
You struggle against the net.
The gnoll hits you.
You shred the net and break free!
The gnoll throws a throwing net.
The throwing net hits you.
You become entangled in the net!
The gnoll hits you.
* * * LOW HITPOINT WARNING * * *
You tear a large gash into the net.
The kobold hits you with a dagger.
You die...

###..#####
........[.#
..........#
..........#
..........#
.<........#
.....gg...#
.......gK.#
.....g.g@.#
.......>(.#
.........<#
###########


You could see 4 gnolls, a goblin and a kobold.

Vanquished Creatures
  A dart slug (D:1)
  4 leopard geckos (D:1)
  4 bats (D:1)
  A giant cockroach (D:1)
  3 goblins (D:1)
  2 hobgoblins (D:1)
  8 kobolds (D:1)
  A rat (D:1)
24 creatures vanquished.

Notes
Turn   | Place    | Note
-------+----------+-------------------------------------------
     0 | D:1      | nikopol the Deep Elf Fire Elementalist began the quest for the Orb.
     0 | D:1      | Reached XP level 1. HP: 10/10 MP: 6/6
   120 | D:1      | Reached XP level 2. HP: 15/15 MP: 6/8
   546 | D:1      | Reached XP level 3. HP: 19/19 MP: 5/9
   771 | D:1      | Reached skill level 4 in Fire Magic
   856 | D:2      | Slain by a kobold

Vault maps used:
D:1:      wheals_arrival_linesprint
D:2:      nicolae_tso_swordbearing_angel,
          nicolae_dithmenos_through_a_glass_darkly, kennysheep_crisscross,
          uniq_natasha, uniq_robin, uniq_crazy_yiuf_cottage

Skill      XL: |  1  2  3 |
---------------+----------+-----
Fire Magic     | 4 |  4.0
Fighting       | |  0.1
Dodging        | |  2.7
Stealth        | |  2.8
Spellcasting   | |  3.4
Conjurations   | |  1.3

Action                   || total
-------------------------++-------
 Cast: Flame Tongue      ||    41
Armor: Robe              ||     4
Dodge: Dodged            ||     9
